 Dungeon Crawl Stone Soup version 0.29.1-15-g9cfb28693d (webtiles) character file.

Game seed: 4617808574167796383

188 Smoke131 the Trooper (level 5, -4/55 HPs)
             Began as an Ogre Gladiator on Feb 28, 2023.
             Slain by a gnoll
             ... wielding a +0 club
             ... led by a gnoll sergeant
              (6 damage)
             ... on level 4 of the Dungeon.
             The game lasted 00:05:10 (2504 turns).

Smoke131 the Trooper (Ogre Gladiator)               Turns: 2504, Time: 00:05:11

Health: -4/55      AC:  4    Str: 17 (20) XL:     5   Next: 67%
Magic:  5/5        EV: 10    Int:  6 (9)  God:
Gold:   91         SH:  0    Dex:  7 (10) Spells: 4/4 levels left

rFire   . . .      SeeInvis .   a - +0 war axe
rCold   . . .      Faith    .   (no shield)
rNeg    . . .      Spirit   .   b - +0 robe
rPois   .          Reflect  .   c - +0 hat
rElec   .          Harm     .   h - +0 cloak
rCorr   .          Rampage  .   (gloves unavailable)
Will    .....                   (boots unavailable)
Stlth   +.........              (no amulet)
HPRegen 0.18/turn               (no ring)
MPRegen 0.09/turn               (no ring)

@: hasted, very quick
A: large, unfitting armour, tough skin 1
a: no special abilities


You were on level 4 of the Dungeon.
You visited 1 branch of the dungeon, and saw 6 of its levels.

You collected 135 gold pieces.
You spent 44 gold pieces at shops.

Inventory:

Hand Weapons
 a - a +0 war axe (weapon)
Missiles
 d - 3 throwing nets (quivered)
 e - a large rock
 g - 36 stones
 n - 18 poisoned darts
Armour
 b - a +0 robe (worn)
 c - a +0 hat (worn)
 h - a +0 cloak (worn)
Scrolls
 f - a scroll of immolation {unknown}
 k - 2 scrolls of poison {unknown}
 l - 9 scrolls of identify
 m - a scroll of brand weapon {unknown}
 p - a scroll of noise {unknown}
 s - a scroll of fear {unknown}
 t - a scroll of teleportation {unknown}
 u - a scroll of enchant weapon {unknown}
 v - a scroll of silence {unknown}
Potions
 i - a potion of haste
 j - a potion of mutation {unknown}
 o - a potion of berserk rage {unknown}
 q - a potion of degeneration
 r - 2 potions of curing


   Skills:
 + Level 4.3 Fighting
 + Level 3.9 Axes
 + Level 3.2 Throwing
 + Level 1.8 Armour
 - Level 3.0 Dodging


You had 4 spell levels left.
You didn't know any spells.
Your spell library was empty.

Dungeon Overview and Level Annotations

Branches:
Dungeon (6/15)
 Temple: D:4-7

Altars:

Shops:
D:3 *


Innate Abilities, Weirdness & Mutations

You are too large for most types of armour.
You have tough skin. (AC +1)


Message History

A gnoll sergeant and 2 gnolls come into view.
The gnoll shouts!
The gnoll sergeant shouts!
You hear a bark!
A gnoll comes into view. It is wielding a +0 whip.
The gnoll shouts! x2
The gnoll barely misses you.
The gnoll hits you from afar with a +0 spear.
A hound comes into view.
The hound barks!
There is an open door here.
The hound bites you. The hound bites you but does no damage.
The gnoll sergeant barely misses you.
The gnoll sergeant hits you from afar with a +0 spear.
The hound barely misses you. The hound bites you but does no damage.
The gnoll sergeant hits you from afar with a +0 spear!
The gnoll sergeant hits you from afar with a +0 spear.
The hound bites you. The gnoll hits you with a +0 club.
The gnoll sergeant closely misses you. The hound attacks as you move away!
The hound bites you.
* * * LOW HITPOINT WARNING * * *
The hound barely misses you. The gnoll attacks as you move away!
The gnoll closely misses you. The hound bites you.
* * * LOW HITPOINT WARNING * * *
There is an escape hatch in the ceiling here.
The hound bites you but does no damage. The gnoll hits you with a +0 club.
* * * LOW HITPOINT WARNING * * *
The gnoll sergeant hits you from afar with a +0 spear.
* * * LOW HITPOINT WARNING * * *
The hound bites you but does no damage. The gnoll closely misses you.
A mysterious force pulls you upwards. The hatch slams shut behind you.
Found a scroll of identify.
It was a potion of degeneration.
There was something very wrong with that liquid.
You feel weakened.
You feel dopey.
You feel clumsy. The hound bites you but does no damage.
The gnoll barely misses you.
It was a potion of haste.
You feel yourself speed up. The hound bites you.
* * * LOW HITPOINT WARNING * * *
The hound bites you but does no damage. The gnoll hits you with a +0 club.
You die...

..##
....
##.#.##
.....#.
.....
...##
#g.##
#.@.#
#.#h#
#. .#
.. ..
..# ...
...
.#..
?...
.##.#
#....
.. .#


You could see a hound and a gnoll.

Vanquished Creatures
  A centaur skeleton (D:6)
  An orc wizard (D:3)
  A killer bee zombie (D:6)
  3 adders
  A worm (D:3)
  A dart slug (D:2)
  6 orcs (D:3)
  7 bats
  6 endoplasms
  3 giant cockroaches
  6 goblins
  7 hobgoblins
  4 jackals (D:2)
  A quokka (D:1)
  10 ball pythons
  3 frilled lizards
  7 kobolds
  6 rats
74 creatures vanquished.

Vanquished Creatures (others)
  A withered plant (D:6)
1 creature vanquished.

Grand Total: 75 creatures vanquished

Notes
Turn   | Place    | Note
-------+----------+-------------------------------------------
     0 | D:1      | Smoke131 the Ogre Gladiator began the quest for the Orb.
     0 | D:1      | Reached XP level 1. HP: 22/22 MP: 1/1
   353 | D:1      | Reached XP level 2. HP: 29/29 MP: 2/2
   382 | D:1      | Reached skill level 3 in Fighting
   664 | D:1      | Found a faded altar of an unknown god.
   769 | D:1      | Reached XP level 3. HP: 33/37 MP: 3/3
  1142 | D:2      | Reached skill level 1 in Armour
  1206 | D:2      | Reached XP level 4. HP: 45/45 MP: 4/4
  1626 | D:3      | Reached XP level 5. HP: 27/54 MP: 5/5
  1629 | D:3      | Reached skill level 4 in Fighting
  2102 | D:3      | Found Gehaeq's General Store.
  2111 | D:3      | Bought a scroll of identify for 22 gold pieces
  2111 | D:3      | Bought a scroll of identify for 22 gold pieces
  2138 | D:3      | You fall into a shaft and drop 3 floors!
  2169 | D:6      | HP: 2/54 [centaur skeleton (2)]
  2191 | D:5      | Entered Level 5 of the Dungeon
  2504 | D:4      | HP: 2/55 [hound (5)]
  2504 | D:4      | Slain by a gnoll

Illustrated notes

Levels and vault maps discovered:
D:1:      tarquinn_simple_flora_water_d, layout_rooms,
          ebering_ecumenical_altar_webs, serial_bayou_pond_d
D:2:      layout_rooms, minmay_distorted
D:3:      cheibrodos_helix_gallery, layout_loops_ring, serial_shops, shop
D:4:      layout_basic, gammafunk_temple_overflow_forgotten,
          grunt_temple_overflow_diamond, palyth_stone_intersect,
          grunt_ministairs_6, uniq_duvessa
D:5:      layout_gridville, serial_shops, nicolae_shop_behind_doors,
          uniq_grinder
D:6:      layout_loops_cross, minmay_temple_entry_glass, serial_undead,
          serial_undead_c, serial_undead_e, serial_undead_b, serial_undead_c

Skill      XL: |  1  2  3  4  5 |
---------------+----------------+-----
Fighting       | 3 4 |  4.3
Dodging        | 3 |  3.0
Armour         | 1 |  1.8
Throwing       | 3 |  3.2
Axes           | |  3.9

Action                   |  1- 3 |  4- 6 || total
-------------------------+-------+-------++-------
Melee: War axe           |    97 |   104 ||   201
       Punch             |     2 |     1 ||     3
  Use: Potion            |       |     4 ||     4
Armor: Robe              |    65 |    47 ||   112
Dodge: Dodged            |    84 |    84 ||   168
